 Dungeon Crawl Stone Soup version 0.29-a0-732-g3d7fbe0af2 (webtiles) character file.

Game seed: 1427301089879386660

224 buhh the Trooper (level 6, -4/45 HPs)
             Began as an Octopode Transmuter on June 30, 2022.
             Succumbed to their own poison gas
             ... on level 3 of the Dungeon.
             The game lasted 00:06:19 (4720 turns).

buhh the Trooper (Octopode Transmuter)              Turns: 4720, Time: 00:06:19

Health: -4/45      AC:  1    Str:  9    XL:     6   Next: 0%
Magic:  9/9        EV: 13    Int: 18    God:
Gold:   134        SH:  0    Dex: 12    Spells: 3/9 levels left

rFire   . . .      SeeInvis .     - Unarmed
rCold   . . .      Faith    .   (no shield)
rNeg    . . .      Spirit   .   (helmet restricted)
rPois   .          Reflect  .   (no amulet)
rElec   .          Harm     .   (no ring)
rCorr   .          Rampage  .   (no ring)
Will    .....                   (no ring)
Stlth   +++.......              (no ring)
HPRegen 0.15/turn               (no ring)
MPRegen 0.11/turn               (no ring)
                                (no ring)
                                (no ring)

@: lethally poisoned (-4 -> -41), attractive, hasted, very quick
A: almost no armour, amphibious, 8 rings, camouflage 1, gelatinous body 1,
(nimble swimmer 1), tentacles
a: no special abilities


You were on level 3 of the Dungeon.
You visited 1 branch of the dungeon, and saw 3 of its levels.

You collected 134 gold pieces.

Inventory:

Missiles
 a - a throwing net {!f}
 c - 6 poisoned darts
Magical Staves
 q - a staff of fire
Scrolls
 e - a scroll of poison
 f - a scroll of torment {unknown}
 i - a scroll of blinking {unknown}
 j - a scroll of brand weapon {unknown}
 Q - a scroll of fog
 X - 2 scrolls of amnesia
Potions
 l - a potion of lignification {!d}


   Skills:
 * Level 5.1 Fighting
 - Level 2.0 Dodging
 - Level 2.0 Stealth
 * Level 3.3 Unarmed Combat
 - Level 2.0 Spellcasting
 - Level 2.0 Transmutations
 - Level 1.0 Poison Magic


You had 3 spell levels left.
You knew the following spells:

 Your Spells              Type           Power      Damage    Failure   Level
a - Beastly Appendage     Tmut           18%        N/A       8%          1
b - Wereblood             Tmut           9%         N/A       12%         2
c - Spider Form           Tmut/Pois      7%         N/A       28%         3

Your spell library contained the following spells:

 Spells                   Type           Power      Damage    Failure   Level
 Ice Form                 Ice/Tmut       5%         N/A       75%         4


Dungeon Overview and Level Annotations

Branches:
Dungeon (3/15) Zot: 13282

Altars:
Okawaru


Innate Abilities, Weirdness & Mutations

You cannot wear most types of armour.
You are amphibious.
You can wear up to eight rings at the same time.
Your skin changes colour to match your surroundings (Stealth+).
Your rubbery body absorbs attacks. (AC +1, EV +1)
((You are camouflaged when in or above water. (Stealth+)))
You have tentacles for arms and can constrict up to eight enemies at once.


Message History

The orc is engulfed in poison gas.
The orc looks even sicker.
You kill the orc!
The orc is engulfed in poison gas.
The orc is poisoned.
The adder is engulfed in poison gas.
The adder looks even sicker.
You kill the adder!
Your transformation is almost over.
The orc looks more healthy.
The orc is engulfed in poison gas.
The orc is poisoned.
You kill the orc!
You have reached level 6!
You hear some strange, mumbled words.
Something tries to affect you, but you resist.
You hear some strange, mumbled words.
A puff of flame appears from out of thin air!
The puff of flame hits you!
You hear some strange, mumbled words.
You are confused.
You are engulfed in poison gas.
You are poisoned.
You feel very sick.
It was a potion of attraction.
You feel attractive to monsters.
You are engulfed in poison gas.
You are more poisoned.
You feel very sick.
You are engulfed in poison gas.
You are more poisoned.
* * * LOW HITPOINT WARNING * * *
You feel extremely sick. Something hits you.
* * * LOW HITPOINT WARNING * * *
It was a potion of curing.
You feel better.
You are engulfed in poison gas.
You are lethally poisoned!
You feel very sick. Something hits you.
* * * LOW HITPOINT WARNING * * *
It was a potion of haste.
You feel yourself speed up.
You are engulfed in poison gas.
You are more poisoned.
* * * LOW HITPOINT WARNING * * *
Your tentacle spike disappears.
You die...

#.#.#.†...##.♣♣.
#.#.########....
##########.#..........♣♣.
#..°○...##.#####......♣..
#.....>.'......'........♣
#.○.°°..########.......♣♣
#°...#.#########.........
#.........##..........#..
###°...{@°##..........###
#.°..).°##....#######..
###..).○.°..........'..
#°..####.........##..
#...# #.○.......####
#...# ####......####
#○... #.......... ###..
#####...... #......


There were no monsters in sight!

Vanquished Creatures
  An orc wizard (D:3)
  Robin (D:3)
  2 gnolls (D:2)
  9 adders
  3 worms
  A dart slug (D:2)
  2 orcs (D:3)
  9 ball pythons
  2 endoplasms
  3 giant cockroaches
  18 goblins
  7 hobgoblins
  5 kobolds
  A quokka (D:3)
  5 bats
  4 rats
73 creatures vanquished.

Notes
Turn   | Place    | Note
-------+----------+-------------------------------------------
     0 | D:1      | buhh the Octopode Transmuter began the quest for the Orb.
     0 | D:1      | Reached XP level 1. HP: 13/13 MP: 3/3
   387 | D:1      | Reached XP level 2. HP: 19/19 MP: 3/5
   486 | D:1      | Reached skill level 2 in Fighting
   656 | D:1      | Found a faded altar of an unknown god.
  1288 | D:2      | Reached XP level 3. HP: 15/25 MP: 4/6
  1292 | D:2      | Learned a level 2 spell: Wereblood
  1296 | D:2      | Learned a level 3 spell: Spider Form
  1406 | D:2      | Reached skill level 3 in Fighting
  1726 | D:2      | Reached XP level 4. HP: 16/31 MP: 4/7
  3008 | D:2      | Reached skill level 4 in Fighting
  3269 | D:2      | Reached XP level 5. HP: 22/38 MP: 5/8
  3744 | D:3      | Noticed Robin
  3757 | D:3      | Killed Robin
  3852 | D:3      | Found an iron altar of Okawaru.
  4096 | D:3      | Reached skill level 5 in Fighting
  4713 | D:3      | Reached XP level 6. HP: 45/45 MP: 9/9
  4720 | D:3      | Succumbed to their own poison gas

Illustrated notes

Levels and vault maps discovered:
D:1:      dpeg_arrival_radiant, layout_basic, shapermc_ecumenical_altar_gd,
          hangedman_decor_growths
D:2:      layout_loops_cross
D:3:      layout_basic, mainiacjoe_overflow_small_starburst, uniq_robin

Skill      XL: |  1  2  3  4  5 |
---------------+----------------+-----
Stealth        | 1 2 |  2.0
Fighting       | 2 3 4 5 |  5.1
Poison Magic   | 1 |  1.0
Dodging        | |  2.0
Unarmed Combat | |  3.3
Spellcasting   | |  2.0
Transmutations | |  2.0

Action                   |  1- 3 |  4- 6 || total
-------------------------+-------+-------++-------
Melee: Unarmed           |    58 |    99 ||   157
       Constrict         |    19 |    29 ||    48
       Kick              |    15 |    33 ||    48
       Tentacles         |     8 |    15 ||    23
       Punch             |     2 |     3 ||     5
 Cast: Beastly Appendage |    20 |    27 ||    47
       Wereblood         |       |     2 ||     2
  Use: Scroll            |     1 |     4 ||     5
       Potion            |       |     3 ||     3
 Stab: Sleeping          |     7 |     6 ||    13
Armor: Skin              |     2 |     6 ||     8
Dodge: Dodged            |    37 |    49 ||    86

Table legend: (Time is in decaauts)
 A = Elapsed time spent in this place.
 B = Non-inter-level travel time spent in this place.
 C = Inter-level travel time spent in this place.
 D = Time resting spent in this place.
 E = Time spent auto-exploring this place.
 F = Levels seen in this place.
 G = Mean time per level.
                   A        B        C        D        E       F      G
               +--------+--------+--------+--------+--------+-----+--------+
         Total |   4717 |   4563 |    154 |   1260 |   2795 |   3 | 1572.3 |
       Dungeon |   4717 |   4563 |    154 |   1260 |   2795 |   3 | 1572.3 |
               +--------+--------+--------+--------+--------+-----+--------+

Top non-repeatable levels by time:
     D:1: 2097 daAuts
     D:2: 1622 daAuts
     D:3: 997 daAuts
